 Dungeon Crawl Stone Soup version 0.26.1-10-gdfb7c7de75 (webtiles) character file.

Game seed: 6274012373721319507

174 phalm the Insei (level 5, -1/49 HPs)
             Began as an Octopode Transmuter on Apr 2, 2021.
             Was an Initiate of Qazlal.
             Slain by Grinder (5 damage)
             ... while paralysed by Grinder
             ... on level 3 of the Dungeon.
             The game lasted 00:05:45 (3428 turns).

phalm the Insei (Octopode Transmuter)               Turns: 3428, Time: 00:05:45

Health: -1/49      AC: 22    Str: 15    XL:     5   Next: 54%
Magic:  9/9        EV:  2    Int: 15    God:    Qazlal [......]
Gold:   163        SH:  0    Dex: 14    Spells: 5/9 levels left

rFire    . . .     SeeInvis .     - Unarmed
rCold    . . .     Faith    .   (no shield)
rNeg     + + +     Spirit   .   (helmet currently unavailable)
rPois    +         Reflect  +   o - amulet of reflection
rElec    .         Harm     .   e - +6 ring of strength
rCorr    .         Rampage  .   (no ring)
Will     .....     NoTele   +   (no ring)
Stlth    +.........             (no ring)
HPRegen  0.16/turn              (no ring)
MPRegen  0.11/turn              (no ring)
                                (no ring)
                                (no ring)

@: paralysed, tree-form
A: almost no armour, stealthy swim, (amphibious), 8 rings, (constrict 8)
a: Renounce Religion


You were on level 3 of the Dungeon.
You worshipped Qazlal.
Qazlal was noncommittal.
You were a tree.
You visited 1 branch of the dungeon, and saw 4 of its levels.

You collected 163 gold pieces.

Inventory:

Jewellery
 e - a +6 ring of strength (left branch)
 m - an uncursed ring of fire
 o - an amulet of reflection (around neck)
Scrolls
 f - 4 scrolls of identify {unknown}
 i - 4 scrolls of fog {unknown}
 j - 2 scrolls of immolation {unknown}
 l - 3 scrolls of amnesia {unknown}
Potions
 a - a potion of degeneration {unknown}
 b - a potion of magic {unknown}
 d - a potion of lignification
 g - a potion of ambrosia {unknown}
 h - a potion of resistance {unknown}
 k - 2 potions of heal wounds {unknown}
 n - a potion of brilliance {unknown}
 p - a potion of haste {unknown}


   Skills:
 + Level 1.5 Fighting
 + Level 2.6 Dodging
 + Level 4.0 Unarmed Combat
 * Level 2.6 Spellcasting
 * Level 3.1 Transmutations
 * Level 2.1 Poison Magic
 + Level 0.1 Invocations


You had 5 spell levels left.
You knew the following spells:

 Your Spells              Type           Power        Failure   Level
a - Beastly Appendage     Tmut           22%          6%          1
b - Spider Form           Tmut/Pois      4%           22%         3

Your spell library contained the following spells:

 Spells                   Type           Power        Failure   Level
 Wereblood                Tmut           11%          9%          2
 Ice Form                 Ice/Tmut       6%           73%         4
 Blade Hands              Tmut           5%           85%         5


Dungeon Overview and Level Annotations

Branches:
Dungeon (4/15)
 Temple: D:4-7

Altars:
Fedhas
Qazlal
Xom

Annotations:
D:3 2 transporters, Duder's ghost, amateur MiBe; Grinder
D:4 Eustachio


Innate Abilities, Weirdness & Mutations

You cannot wear most types of armour.
You are very stealthy in the water. (Stealth+)
((You are amphibious.))
You can wear up to eight rings at the same time.
((You can use your tentacles to constrict eight enemies at once.))
((Your skin changes colour to match your surroundings (Stealth+).))
((Your rubbery body absorbs attacks. (AC +1, EV +1)))


Message History

You climb upwards.
Level annotation: 2 transporters, Duder's ghost, amateur MiBe
There is a stone staircase leading down here.
As you read the scroll labelled MOCHIK IFRISS, it crumbles to dust.
You feel aware of your surroundings.
It was a scroll of magic mapping.
Grinder hits you.
* * * LOW HITPOINT WARNING * * *
As you read the scroll labelled NALETI ETISE, it crumbles to dust.
You feel strangely unstable.
It was a scroll of teleportation.
Grinder gestures at you.
You barely resist.
It was a potion of lignification.
You turn into a tree.
Your roots penetrate the ground.
You feel strangely stable. You block Grinder's attack.
You barely miss Grinder. Grinder hits you but does no damage.
You barely miss Grinder. Grinder gestures at you.
You suddenly lose the ability to move!
Grinder hits you.
You die...

###########
##.........##########
...............5♣...#
##.......(.######.#.#
#.........# ♣...##
#.........# ♣♣..♣
#.........# ♣.♣♣
#.........# ♣.♣
#.........# ♣.♣
#.....)...# ♣♣.♣
######'#### ♣♣(.♣


You could see Grinder.

Vanquished Creatures
  An orc wizard (D:3)
  A worker ant (D:3)
  An adder (D:2)
  A shadow imp (D:3)
  An ooze (D:1)
  4 worms
  A dart slug (D:2)
  6 orcs (D:3)
  11 bats
  3 giant cockroaches
  9 goblins
  10 hobgoblins
  10 jackals
  3 kobolds
  4 frilled lizards
  10 rats
76 creatures vanquished.

Notes
Turn   | Place    | Note
-------+----------+-------------------------------------------
     0 | D:1      | phalm the Octopode Transmuter began the quest for the Orb.
     0 | D:1      | Reached XP level 1. HP: 13/13 MP: 3/3
    67 | D:1      | Reached XP level 2. HP: 10/18 MP: 3/5
   530 | D:1      | Reached XP level 3. HP: 14/23 MP: 6/6
   540 | D:1      | Learned a level 3 spell: Spider Form
  1332 | D:2      | Found a shimmering altar of Xom.
  1342 | D:2      | Reached XP level 4. HP: 28/28 MP: 5/7
  1445 | D:2      | Reached skill level 1 in Poison Magic
  2564 | D:3      | Reached skill level 4 in Unarmed Combat
  2564 | D:3      | Reached XP level 5. HP: 15/33 MP: 8/8
  2714 | D:3      | Found a transporter.
  2756 | D:3      | Found a blossoming altar of Fedhas.
  2966 | D:3      | Noticed Duder's ghost (amateur MiBe)
  3229 | D:3      | Found a transporter.
  3297 | D:3      | Found a stormy altar of Qazlal.
  3333 | D:3      | Noticed an air elemental
  3334 | D:3      | Noticed a fire elemental
  3334 | D:3      | Noticed a water elemental
  3340 | D:3      | Became a worshipper of Qazlal Stormbringer
  3355 | D:4      | Noticed Eustachio
  3420 | D:4      | Noticed Grinder
  3427 | D:3      | Paralysed by Grinder for 3 turns
  3428 | D:3      | Slain by Grinder

Illustrated notes

Levels and vault maps discovered:
D:1:      amcnicky_arrival_abandoned_market, layout_rooms, minmay_octomino_c4
D:2:      layout_loops_corners, nicolae_overflow_hidden_temple
D:3:      layout_basic, nicolae_qazlal_style_of_elements, fedhas_altar_4,
          gammafunk_ghost_stat_death, chequers_jeans
D:4:      layout_cave_pools, nzn_wu_jian_council_hall, serial_shops, shop,
          serial_column_ruins, column_ruins_hut, column_ruins_grid_1,
          column_ruins_open_small_water, column_ruins_columns_straight,
          column_ruins_corridor_corner, column_ruins_columns_straight,
          column_ruins_grid_4, column_ruins_columns_straight, uniq_grinder,
          uniq_blork_the_orc, uniq_duvessa, uniq_eustachio

Skill      XL: |  1  2  3  4  5 |
---------------+----------------+-----
Poison Magic   | 1 2 |  2.1
Unarmed Combat | 4 |  4.0
Transmutations | 3 |  3.1
Fighting       | |  1.5
Dodging        | |  2.6
Spellcasting   | |  2.6
Invocations    | |  0.1

Action                   |  1- 3 |  4- 6 || total
-------------------------+-------+-------++-------
Melee: Unarmed           |    79 |    85 ||   164
       Constrict         |    17 |    26 ||    43
       Kick              |     7 |    13 ||    20
       Tentacles         |    12 |    14 ||    26
       Punch             |     3 |     2 ||     5
 Cast: Beastly Appendage |     5 |     7 ||    12
  Use: Scroll            |       |     2 ||     2
       Potion            |       |     1 ||     1
 Stab: Sleeping          |     6 |     9 ||    15
Armor: Skin              |     7 |     7 ||    14
Dodge: Dodged            |    42 |    48 ||    90
Block: Other             |       |    12 ||    12
